Map: Tours du crépuscule

Players

Walhalla - Winner!

  • Race: Zerg Zerg
  • League: Platinum
  • Spawn Location: 7:00

zidar

  • Race: Zerg Zerg
  • League: Silver
  • Spawn Location: 1:00

VOD

Have the link to the VOD?

Description

Time

  • Played on: Jan. 12, 2016, 1:39 p.m.
  • Length: 7:07
Show
View Real Time Build Order
Export as new Build Order

Walhalla Zerg - Winner!

Build Orders: Pool First 

Get SALT Encoding   

  12  0:01  Drone  
  13  0:12  Overlord  
  13  0:21  Drone  
  14  0:31  Drone x2  
  14  0:34  Drone  
  17  0:49  Spawning Pool, Drone  
  17  0:52  Extractor  
  17  0:56  Drone  
  17  1:16  Hatchery  
  16  1:19  Drone  
  16  1:23  Drone  
  18  1:28  Drone  
  19  1:38  Overlord  
  19  1:45  Queen  
  21  1:50  Zergling x2  
  22  1:58  Metabolic Boost  
  22  2:02  Drone  
  23  2:11  Drone  
  24  2:21  Queen, Drone  
  27  2:29  Baneling Nest  
  26  2:32  Drone x2  
  28  2:39  Drone  
  28  2:43  Queen  
  31  2:49  Overlord  
  31  3:05  Drone x5  
  36  3:14  Drone x2  
  36  3:19  Roach Warren  
  37  3:25  Drone  
  37  3:28  Evolution Chamber  
  37  3:29  Lair  
  36  3:34  Drone x3  
  39  3:44  Drone x2  
  39  3:45  Drone x3  
  44  3:50  Extractor  
  44  3:51  Extractor  
  42  4:00  Zerg Missile Weapons Level 1  
  42  4:05  Drone x2  
  42  4:07  Overlord  
  42  4:08  Overlord  
  42  4:09  Overlord  
  44  4:26  Roach x4  
  44  4:27  Roach  
  44  4:29  Zergling x2  
  55  4:35  Queen x2  
  59  4:41  Glial Reconstitution  
  59  4:44  Roach  
  61  4:46  Roach  
  63  4:58  Hatchery  
  62  5:09  Roach x2  
  62  5:10  Roach  
  69  5:19  Overlord x4  
  69  5:32  Overlord  
  69  5:34  Overlord  
  68  5:43  Roach x5  
  77  6:04  Roach x9  
  87  6:24  Roach x3  
  93  6:28  Hatchery  
  93  6:30  Ravager  
  93  6:32  Ravager  
  94  6:33  Ravager  
  94  6:38  Drone  
  94  6:39  Extractor, Drone x4  
  99  6:40  Drone  
  99  6:41  Drone  
Show
View Real Time Build Order
Export as new Build Order

zidar Zerg 

Build Orders: Pool First 

Get SALT Encoding   

  12  0:02  Drone  
  13  0:12  Overlord  
  13  0:17  Drone  
  14  0:31  Drone x2  
  14  0:34  Drone  
  17  0:50  Spawning Pool, Drone  
  17  0:54  Extractor  
  17  0:56  Drone  
  17  1:23  Hatchery  
  16  1:34  Drone x3  
  19  1:46  Queen  
  21  1:58  Metabolic Boost  
  21  2:10  Roach Warren, Drone  
  20  2:16  Overlord  
  20  2:20  Drone  
  21  2:36  Drone  
  22  2:37  Drone x2  
  22  2:43  Queen  
  26  2:59  Roach x2  
  30  3:28  Roach x3  
  30  3:31  Overlord x2  
  36  3:55  Roach  
  38  3:56  Roach x6  
  50  4:03  Overlord  
  50  4:04  Overlord  
  50  4:25  Ravager  
  51  4:45  Drone x11  
  62  4:54  Extractor  
  61  5:14  Ravager  
  61  5:16  Ravager  
  39  6:31  Extractor  
  39  6:32  Extractor  
  37  6:34  Roach x9  
  37  6:35  Roach  
Tags
 
Add a new tag
Caveats
  • Supply blocks, unpowered buildings, or Contaminate may cause inaccurate times.
  • Supply counts are checked every 10 seconds.